 Dungeon Crawl Stone Soup version 0.23.0-3-gf3c87f2 (webtiles) character file.

Game seed: 18432373778134885753

39899 Hasart the Carver (level 13, -8/111 HPs)
             Began as a Demigod Fighter on Feb 24, 2019.
             Killed from afar by a deep elf mage (24 damage)
             ... with a shard of ice
             ... on level 1 of the Elven Halls.
             The game lasted 00:43:43 (19965 turns).

Hasart the Carver (Demigod Fighter)                Turns: 19965, Time: 00:43:44

Health: -8/111     AC: 17    Str: 29    XL:     13   Next: 37%
Magic:  0/25       EV: 13    Int: 15    God:
Gold:   671        SH: 15    Dex: 15    Spells: 12/12 levels left

rFire    . . .     SeeInvis .   Q - +6 long sword (freeze)
rCold    . . .     Gourm    .   l - +2 shield
rNeg     . . .     Faith    .   N - +1 chain mail of Narcissism {Int+3}
rPois    .         Spirit   +   (helmet restricted)
rElec    .         Reflect  .   (no cloak)
rCorr    .         Harm     .   x - +0 pair of gloves
MR       +....                  K - +2 pair of boots
Stlth    ..........             a - amulet of guardian spirit
HPRegen  0.28/turn              C - ring of stealth
MPRegen  0.19/turn              D - ring of magical power

@: lightly drained
A: horns 1, blurry vision 1, high mp 1, strong 1
a: no special abilities


You were on level 1 of the Elven Halls.
You were hungry.

You visited 3 branches of the dungeon, and saw 15 of its levels.

You collected 1254 gold pieces.
You spent 583 gold pieces at shops.

Inventory:

Hand Weapons
 B - a +6 falchion of holy wrath
 Q - a +6 long sword of freezing (weapon)
Missiles
 E - 5 javelins
 P - a throwing net (quivered)
Armour
 b - a +0 scale mail
 c - a +2 helmet
 l - a +2 shield (worn)
 x - a +0 pair of gloves (worn)
 J - a +3 leather armour of cold resistance
 K - a +2 pair of boots (worn)
 N - the +1 chain mail of Narcissism (worn) {Int+3}
   (You bought it in a shop on level 12 of the Dungeon)

   It affects your intelligence (+3).
Jewellery
 a - an amulet of guardian spirit (around neck)
 s - an uncursed ring of ice
 C - a ring of stealth (left hand)
 D - a ring of magical power (right hand)
Wands
 w - a wand of iceblast (7)
 z - a wand of disintegration (11)
 G - a wand of enslavement (4)
 I - a wand of paralysis (13)
Scrolls
 e - a scroll of immolation
 g - 4 scrolls of enchant armour
 h - 9 scrolls of identify
 j - 3 scrolls of teleportation
 k - a scroll of amnesia
 n - 5 scrolls of blinking
 o - 5 scrolls of remove curse
 L - a scroll of fear
Potions
 d - 3 potions of might
 i - 2 potions of heal wounds
 m - a potion of brilliance
 p - a potion of flight
 r - 2 potions of lignification
 u - 3 potions of agility
 v - 2 potions of degeneration
 H - 4 potions of curing
Comestibles
 f - 26 rations


   Skills:
 + Level 9.5(9.0) Fighting
 * Level 12.8(12.2) Long Blades
 + Level 9.5(9.0) Armour
 + Level 9.1(8.6) Dodging
 + Level 9.6(9.0) Shields


You had 12 spell levels left.
You didn't know any spells.
Your spell library contained the following spells:

 Spells                   Type           Power        Failure   Level  Hunger
 Freeze                   Ice            #...         94%         1    ##.....
 Throw Frost              Conj/Ice       #.....       98%         2    ###....
 Ozocubu's Armour         Chrm/Ice       #.......     100%        3    ####...
 Summon Ice Beast         Ice/Summ       #.......     100%        4    #####..
 Throw Icicle             Conj/Ice       #.......     100%        4    #####..


Dungeon Overview and Level Annotations

Branches:
Dungeon (12/15)            Temple (0/1) D:5            Lair (0/6) D:11
    Orc (2/2) D:9             Elf (1/3) Orc:2

Shops:
D:4 :*[   D:11 !   D:12 [%:   Orc:2 *[:(


Innate Abilities, Weirdness & Mutations

You have an increased reservoir of magic. (+10% MP)
You have a pair of small horns on your head.
Scrolls take you a little longer to read.
Your muscles are strong. (Str +2)


Message History

You block the orange demon's attack.
The deep elf mage gestures at you while chanting.
The bolt of negative energy hits you!!
You feel drained.
* * * LOW HITPOINT WARNING * * *
You slice the deep elf mage!! You freeze the deep elf mage.
You kill the deep elf mage!
The redback disappears in a puff of smoke!
The orange demon disappears in a puff of smoke!
Unknown command.
You slash the deep elf mage! You freeze the deep elf mage.
The deep elf mage is moderately wounded.
The deep elf mage hits you but does no damage.
You miss the deep elf mage. You headbutt the deep elf mage.
The deep elf mage is moderately wounded.
You slash the deep elf mage! You freeze the deep elf mage.
Your headbutt misses the deep elf mage.
The deep elf mage is severely wounded.
The deep elf mage casts a spell at you. The shard of ice hits you!!
You die...

*,*********..e...#.#
*,,,,,,,,**..#.e...#########
*,*,,,,.,**#...#...........#
*,,,**,.e,**#....#..######.#
***,***...***##...e.# #.#
*,* **.*.** ####e.# #.# *,*
**#..** #ยง## #.# *,*
*#..#####)# #.# *,*
*#....@e)# #.# *,* #########
#.# ***,* #.# ,,,,* #.#
***** #.# #.# #########'#
#.........# #..#...#..#


You could see a deep elf mage.

Vanquished Creatures
  An orc warlord (Orc:2)
  Fannar (D:9)
  An ice dragon (D:12)
  A dancing weapon (Elf:1)
  3 two-headed ogres
  4 orc high priests (Orc:2)
  An unseen horror (D:12)
  Pikel (D:4)
  12 deep elf magi (Elf:1)
  4 orc knights
  2 ugly things (D:11)
  5 orc sorcerers
  A centaur zombie (D:11)
  3 manticores
  2 gargoyles
  A queen bee (D:11)
  4 rime drakes (D:12)
  2 polar bears (D:12)
  6 trolls
  5 slime creatures (D:11)
  4 hippogriffs
  A spriggan (D:7)
  A wraith (D:10)
  12 yaks
  A wyvern (D:9)
  A basilisk (D:11)
  A hungry ghost (D:7)
  The ghost of p0werm0de the Insei, an amateur GnWn (D:5)
  Eustachio (D:4)
  2 wargs (Orc:1)
  Duvessa (D:7)
  A water moccasin (D:10)
  36 orc warriors
  5 ice beasts
  5 sky beasts
  2 phantoms (D:6)
  4 black bears
  3 slaves (D:4)
  11 ogres
  5 big kobolds
  9 bullfrogs
  Dowan (D:7)
  5 scorpions
  39 killer bees
  14 wights
  2 howler monkeys
  3 crimson imps
  4 hounds
  2 bullfrog zombies
  2 jellies
  22 orc priests
  3 bullfrog skeletons (D:11)
  4 centaur skeletons
  31 orc wizards
  6 iguanas
  8 worker ants
  2 hound zombies
  A hound skeleton (D:10)
  2 worker ant zombies (D:11)
  15 gnolls
  6 adders
  A shadow imp (D:7)
  2 oozes
  2 adder skeletons
  A dart slug (D:2)
  2 worms
  5 leopard geckos
  78 orcs
  3 giant cockroaches
  9 hobgoblins
  6 jackals (D:3)
  30 kobolds
  7 quokkas
  3 bats
  2 frilled lizards
  4 goblins
  A quokka skeleton (D:4)
  A quokka zombie (D:5)
  9 rats
505 creatures vanquished.

Vanquished Creatures (others)
  An orc priest (Orc:2)
  2 plants (D:11)
3 creatures vanquished.

Grand Total: 508 creatures vanquished

Notes
Turn   | Place    | Note
-------+----------+-------------------------------------------
     0 | D:1      | Hasart the Demigod Fighter began the quest for the Orb.
     0 | D:1      | Reached XP level 1. HP: 18/18 MP: 3/3
   324 | D:1      | Reached skill level 2 in Long Blades
   522 | D:1      | Reached XP level 2. HP: 25/25 MP: 4/4
  1269 | D:2      | HP: 1/25 [poisoned by an adder]
  1558 | D:2      | Reached XP level 3. HP: 30/30 MP: 5/5
  1950 | D:2      | Reached skill level 1 in Dodging
  2308 | D:3      | Reached XP level 4. HP: 34/38 MP: 6/6
  2327 | D:3      | Reached skill level 3 in Long Blades
  2527 | D:3      | Reached XP level 5. HP: 16/45 MP: 7/7
  2771 | D:3      | Found a faded altar of an unknown god.
  3248 | D:4      | Found a shattered altar of Ashenzari.
  3304 | D:4      | Noticed a slave
  3304 | D:4      | Noticed Pikel
  3305 | D:4      | Noticed a slave
  3305 | D:4      | Noticed a slave
  3305 | D:4      | Noticed a slave
  3340 | D:4      | Reached XP level 6. HP: 45/51 MP: 8/8
  3524 | D:4      | Found Eqaa's Armour Boutique.
  3596 | D:4      | Paralysed by Pikel for 2 turns
  3657 | D:4      | Paralysed by Pikel for 5 turns
  3670 | D:4      | Killed Pikel
  3670 | D:4      | Reached skill level 4 in Long Blades
  3670 | D:4      | Reached XP level 7. HP: 25/59 MP: 9/9
  3873 | D:4      | Reached skill level 5 in Long Blades
  4010 | D:4      | Found Bonuceve's Book Shoppe.
  4153 | D:4      | Found Qekes's Assorted Antiques.
  4158 | D:4      | Bought a scroll labeled GYPPAN NOIGE for 18 gold pieces
  4158 | D:4      | Bought a scroll labeled EWNEKLUCLA for 18 gold pieces
  4158 | D:4      | Bought a scroll labeled FUAFRE LIEXUHI for 18 gold pieces
  4158 | D:4      | Bought an inky potion for 16 gold pieces
  4158 | D:4      | Bought a ruby potion for 16 gold pieces
  4158 | D:4      | Bought a sapphire potion for 16 gold pieces
  4298 | D:4      | Noticed Eustachio
  4315 | D:4      | Killed Eustachio
  4677 | D:5      | Entered Level 5 of the Dungeon
  4861 | D:5      | Found a sacrificial altar of Ru.
  4932 | D:5      | Found a runed translucent door.
  4954 | D:5      | Reached XP level 8. HP: 52/67 MP: 8/10
  4963 | D:5      | Noticed p0werm0de's ghost (amateur GnWn)
  4971 | D:5      | Killed p0werm0de's ghost
  5261 | D:5      | Found a staircase to the Ecumenical Temple.
  5267 | D:5      | Reached skill level 6 in Long Blades
  6045 | D:6      | Reached skill level 5 in Armour
  6045 | D:6      | Reached skill level 5 in Shields
  6276 | D:6      | Reached skill level 5 in Fighting
  6908 | D:7      | Found a shadowy altar of Dithmenos.
  7142 | D:7      | Reached XP level 9. HP: 69/74 MP: 11/11
  7233 | D:7      | Reached skill level 7 in Long Blades
  7295 | D:7      | Noticed Dowan
  7296 | D:7      | Noticed Duvessa
  7323 | D:7      | Killed Duvessa
  7324 | D:7      | Killed Dowan
  7381 | D:7      | Found a glowing golden altar of the Shining One.
  7381 | D:7      | Found a hide-covered altar of Uskayaw.
  7382 | D:7      | Found an ancient bone altar of Kikubaaqudgha.
  7392 | D:7      | Found a sparkling altar of Nemelex Xobeh.
  7933 | D:8      | Reached skill level 5 in Dodging
  8234 | D:8      | Found a stormy altar of Qazlal.
  8544 | D:9      | Reached skill level 8 in Long Blades
  8860 | D:9      | Noticed a two-headed ogre
  9243 | D:9      | Found a staircase to the Orcish Mines.
  9258 | D:9      | Found a roughly hewn altar of Beogh.
  9432 | D:9      | Reached XP level 10. HP: 68/83 MP: 13/13
  9558 | D:9      | Found a roughly hewn altar of Beogh.
  9741 | D:9      | Killed a two-headed ogre
 10212 | D:10     | Entered Level 10 of the Dungeon
 10212 | D:10     | Noticed Fannar
 10212 | D:10     | Noticed a two-headed ogre
 10232 | D:9      | Killed a two-headed ogre
 10232 | D:9      | Reached skill level 9 in Long Blades
 10617 | D:9      | Killed Fannar
 10667 | Orc:1    | Entered Level 1 of the Orcish Mines
 10941 | D:10     | Found a blossoming altar of Fedhas.
 11221 | D:10     | Reached XP level 11. HP: 83/92 MP: 14/14
 11730 | D:11     | Found Kistebo's Distillery.
 11730 | D:11     | Noticed a two-headed ogre
 12272 | D:11     | You fall through a shaft!
 12324 | D:12     | Killed an unseen horror
 12324 | D:12     | Reached skill level 10 in Long Blades
 12437 | D:12     | Noticed an ice dragon
 12451 | D:12     | HP: 1/92 [ice dragon (6)]
 12453 | D:12     | Killed an ice dragon
 12588 | D:12     | Gained mutation: You are dopey. (Int -2) [potion of
                  | mutation]
 12588 | D:12     | Gained mutation: Your system is resistant to poisons.
                  | (rPois) [potion of mutation]
 12590 | D:12     | Lost mutation: You are dopey. (Int -2) [potion of mutation]
 12590 | D:12     | Lost mutation: Your system is resistant to poisons. (rPois)
                  | [potion of mutation]
 12590 | D:12     | Gained mutation: Your muscles are strong. (Str +2) [potion
                  | of mutation]
 12590 | D:12     | Gained mutation: Scrolls take you a little longer to read.
                  | [potion of mutation]
 12590 | D:12     | Gained mutation: You have a pair of small horns on your
                  | head. [potion of mutation]
 12817 | D:12     | Identified the +8 battleaxe "Latovaco" {freeze, rC+ rN+ MR-
                  | Int+2}
 13280 | D:12     | Found Jewes's Book Shoppe.
 13462 | D:12     | Found Kaesosch's Food Boutique.
 13491 | D:12     | Found Goacosh's Antique Armour Shop.
 13497 | D:12     | Bought a polished chain mail for 247 gold pieces
 13507 | D:12     | Identified the cursed +1 chain mail of Narcissism {Int+3}
                  | (You bought it in a shop on level 12 of the Dungeon)
 13679 | D:12     | Got a jewelled leather armour
 13682 | D:12     | Identified the +0 leather armour of a Hundred Moons
                  | {*Corrode rN+ Dex+6 SInv} (You found it on level 12 of the
                  | Dungeon)
 13941 | D:11     | Found a staircase to the Lair.
 14728 | D:11     | Reached skill level 11 in Long Blades
 14758 | D:11     | Reached XP level 12. HP: 66/101 MP: 15/15
 15439 | D:11     | Bought 2 potions of heal wounds for 180 gold pieces
 15439 | D:11     | Bought a potion of curing for 54 gold pieces
 16822 | Orc:1    | Found a bloodstained altar of Trog.
 16922 | Orc:1    | Paralysed by an orc sorcerer for 6 turns
 17089 | Orc:2    | Entered Level 2 of the Orcish Mines
 17658 | Orc:2    | Reached skill level 12 in Long Blades
 18991 | Orc:2    | Noticed an orc warlord
 19245 | Orc:2    | Killed an orc warlord
 19245 | Orc:2    | Reached XP level 13. HP: 59/111 MP: 12/16
 19517 | Orc:2    | Found a staircase to the Elven Halls.
 19673 | Orc:2    | Found Vian Dut's Antique Armour Shoppe.
 19686 | Orc:2    | Found Gagean's General Store.
 19700 | Orc:2    | Found Iliqekh's Book Shoppe.
 19701 | Orc:2    | Found Riehirphu's Antique Weapon Emporium.
 19824 | Elf:1    | Entered Level 1 of the Elven Halls
 19965 | Elf:1    | Killed from afar by a deep elf mage

Skill      XL: |  1  2  3  4  5  6  7  8  9 10 11 12 13 |
---------------+----------------------------------------+-----
Long Blades    | 2 3 4 5 6 8 9 11 12 | 12.8
Fighting       | 3 4 5 6 7 8 9 |  9.5
Armour         | 3 4 5 6 7 8 9 |  9.5
Dodging        | 1 2 3 4 5 6 7 8 9 |  9.1
Shields        | 3 4 5 6 7 8 9 |  9.6

Action                   |  1- 3 |  4- 6 |  7- 9 | 10-12 | 13-15 || total
-------------------------+-------+-------+-------+-------+-------++-------
Melee: Long sword        |    16 |       |       |   292 |   114 ||   422
       Dagger            |    78 |   172 |    33 |       |       ||   283
       Falchion          |       |       |   454 |   942 |       ||  1396
       Headbutt          |       |       |       |   229 |    31 ||   260
Evoke: Wand              |       |       |       |     2 |       ||     2
  Use: Potion            |     2 |       |     1 |    11 |     1 ||    15
       Scroll            |       |       |       |    15 |     3 ||    18
 Stab: Sleeping          |       |       |     3 |     3 |       ||     6
       Distracted        |       |       |     1 |     2 |       ||     3
  Eat: Chunk             |     4 |     5 |    15 |    32 |     3 ||    59
       Ration            |       |       |     1 |       |       ||     1
Armor: Scale mail        |    31 |    69 |    74 |       |       ||   174
       Leather armour    |       |       |    68 |   122 |       ||   190
       Chain mail        |       |       |       |   231 |    24 ||   255
Dodge: Dodged            |    26 |    44 |   153 |   464 |    22 ||   709
Block: Shield            |    51 |   129 |   299 |   879 |    40 ||  1398
       Rpst.: Long sword |     2 |       |       |    35 |     5 ||    42
       Falchion          |       |       |    40 |    83 |       ||   123
